 Dungeon Crawl Stone Soup version 0.31-a0-620-gd1cbd99268 (webtiles) character file.

Game seed: 16719394219304301048

105 Newt the Trooper (level 4, -1/31 HPs)
             Began as a Gargoyle Fighter on Aug 23, 2023.
             Slain by a gnoll
             ... wielding a +0 spear
              (5 damage)
             ... on level 2 of the Dungeon.
             The game lasted 00:01:45 (924 turns).

Newt the Trooper (Gargoyle Fighter)                  Turns: 924, Time: 00:01:46

Health: -1/31      AC: 10    Str: 21    XL:     4   Next: 81%
Magic:  4/4        EV:  9    Int:  9    God:
Gold:   154        SH:  0    Dex:  9    Spells: 3/3 levels left

rFire   . . .        e - +7 lajatang of Order {silver, rMut}
rCold   . . .        (shield currently unavailable)
rNeg    + . .        b - +0 scale mail
rPois   ∞            (no helmet)
rElec   +            (no cloak)
rCorr   .            (no gloves)
SInv    .            (no boots)
Will    .....        (no amulet) Stlth
                     (no ring)
HPRegen 0.25/turn    (no ring)
MPRegen 0.09/turn

%: resist mutation
@: no status effects
A: sickness immunity, AC +3, negative energy resistance 1, electricity
resistance, torment resistance 1, petrification resistance
a: no special abilities


You were on level 2 of the Dungeon.
You visited 1 branch of the dungeon, and saw 2 of its levels.

You collected 154 gold pieces.

Inventory:

Hand Weapons
 a - a +0 flail
 e - the +7 lajatang of Order (weapon) {silver, rMut}
   (You acquired it on level 2 of the Dungeon)

   rMut:      It protects you from mutation.
 f - a +0 whip of electrocution
Missiles
 i - 3 boomerangs
Armour
 b - a +0 scale mail (worn)
 c - a +0 buckler
Scrolls
 g - a scroll of fear {unknown}
 h - a scroll of blinking
 j - a scroll of poison {unknown}
Potions
 d - 2 potions of might


   Skills:
 - Level 5.0 Fighting
 - Level 2.0(2.6) Maces & Flails
 + Level 2.6(3.0) Staves
 - Level 3.2 Armour
 - Level 3.2 Shields


You had 3 spell levels left.
You didn't know any spells.
Your spell library was empty.

Dungeon Overview and Level Annotations

Branches:
Dungeon (2/15)

Altars:


Innate Abilities, Weirdness & Mutations

You are immune to sickness and miasma.
Your stone body is resilient. (AC +3)
You are immune to poison.
You resist negative energy. (rN+)
You are resistant to electric shocks. (rElec)
You are resistant to unholy torment.
You are immune to petrification.


Message History

A gnoll comes into view. It is wielding a +0 spear. x2
The gnoll barely misses you. The gnoll hits you but does no damage.
The gnoll hits you with a +0 spear.
The gnoll hits you but does no damage. x2
You barely miss the gnoll.
The gnoll hits you but does no damage. x2
The gnoll barely misses you. x2
The gnoll hits you from afar with a +0 spear.
The gnoll barely misses you. The gnoll hits you with a +0 spear.
The gnoll hits you from afar with a +0 spear. x2
You slice the gnoll!!
You kill the gnoll!
The gnoll closely misses you. x2; The gnoll hits you but does no damage.
The gnoll hits you with a +0 spear. x3
Things that are here:
a +0 spear; a throwing net The gnoll hits you but does no damage.
The gnoll barely misses you. The gnoll hits you but does no damage.
You are too injured to fight recklessly!
The gnoll hits you with a +0 spear.
The gnoll hits you from afar with a +0 spear.
You barely miss the gnoll. The gnoll misses you.
The gnoll hits you but does no damage. x2
You barely miss the gnoll.
The gnoll hits you from afar with a +0 spear.
The gnoll hits you with a +0 spear.
* * * LOW HITPOINT WARNING * * *
The gnoll misses you.
You barely miss the gnoll.
The gnoll hits you but does no damage. x2
You barely miss the gnoll. The gnoll barely misses you. x2
You barely miss the gnoll. The gnoll completely misses you.
The gnoll misses you. The gnoll hits you but does no damage.
You closely miss the gnoll. The gnoll hits you but does no damage.
The gnoll hits you with a +0 spear.
* * * LOW HITPOINT WARNING * * *
The gnoll closely misses you.
The gnoll hits you from afar with a +0 spear.
* * * LOW HITPOINT WARNING * * *
The gnoll attacks as it pursues you!
The gnoll hits you from afar with a +0 spear.
You die...

### #.. #.# #>#
#.#.# #.# #.#.# #.#
#.#.# #.# .# #.#.#
#@########### .#
#.#.# #..g.g.g....#
.#
#.#.###..########.#
.# .##.##........#
#.# .#
..........###.# #g#
.# .##.####†.# #.#
#g####.#
.........###.#
#.g.gg..
##........(..#
######.#
#######.######## .#


You could see 3 gnolls.

Vanquished Creatures
  Natasha (D:2)
  A gnoll (D:2)
  3 adders (D:2)
  A worm (D:2)
  2 ball pythons (D:2)
  2 endoplasms
  3 giant cockroaches
  A goblin (D:1)
  4 hobgoblins
  4 kobolds (D:1)
  6 quokkas
  5 bats (D:1)
  6 rats
39 creatures vanquished.

Notes
Turn   | Place    | Note
-------+----------+-------------------------------------------
     0 | D:1      | Newt the Gargoyle Fighter began the quest for the Orb.
     0 | D:1      | Reached XP level 1. HP: 14/14 MP: 1/1
    92 | D:1      | Reached XP level 2. HP: 19/20 MP: 2/2
   113 | D:1      | Reached skill level 4 in Fighting
   381 | D:1      | Reached XP level 3. HP: 24/24 MP: 3/3
   636 | D:2      | Identified a scroll of acquirement
   643 | D:2      | Acquired the +7 lajatang of Order {silver, rMut}
   643 | D:2      | Found the +7 lajatang of Order {silver, rMut}
   733 | D:2      | Reached skill level 5 in Fighting
   743 | D:2      | Reached skill level 1 in Staves
   747 | D:2      | Reached XP level 4. HP: 31/31 MP: 4/4
   850 | D:2      | Noticed Natasha
   856 | D:2      | Killed Natasha
   924 | D:2      | Slain by a gnoll

Illustrated notes

Levels and vault maps discovered:
D:1:      lightli_arrival_noodles, layout_rooms, chequers_serial_rivers_room_a
D:2:      layout_loops_ring, minmay_tetromino_l4, uniq_natasha

Skill      XL: |  1  2  3  4 |
---------------+-------------+-----
Fighting       | 4 5 |  5.0
Staves         | 1 2 |  2.6
Maces & Flails | |  2.0
Armour         | |  3.2
Shields        | |  3.2

Action                     |  1- 3 |  4- 6 || total
---------------------------+-------+-------++-------
  Melee: Flail             |    20 |       ||    20
         Whip              |    77 |       ||    77
         Lajatang          |    16 |    22 ||    38
    Use: Scroll            |     6 |       ||     6
 Armour: Scale mail        |    65 |    21 ||    86
  Dodge: Dodged            |    62 |    20 ||    82
  Block: Buckler           |    20 |       ||    20

Table legend: (Time is in decaauts)
 A = Elapsed time spent in this place.
 B = Non-inter-level travel time spent in this place.
 C = Inter-level travel time spent in this place.
 D = Time resting spent in this place.
 E = Time spent auto-exploring this place.
 F = Levels seen in this place.
 G = Mean time per level.
                   A        B        C        D        E       F      G
               +--------+--------+--------+--------+--------+-----+--------+
         Total |    944 |    913 |     31 |      0 |    603 |   2 |  472.0 |
       Dungeon |    944 |    913 |     31 |      0 |    603 |   2 |  472.0 |
               +--------+--------+--------+--------+--------+-----+--------+

Top non-repeatable levels by time:
     D:1: 619 daAuts
     D:2: 324 daAuts
